 Dungeon Crawl Stone Soup version 0.19.0-20-gbc5f0c6 (webtiles) character file.

2037 dobroeutro the Markscentaur (level 9, -3/100 HPs)
             Began as a Centaur Hunter on Nov 17, 2016.
             Killed from afar by an orc wizard (9 damage)
             ... with a puff of flame
             ... on level 7 of the Dungeon.
             The game lasted 00:15:10 (10612 turns).

dobroeutro the Markscentaur (Centaur Hunter)       Turns: 10612, Time: 00:15:11

Health: -3/100     AC: 26    Str: 19 (22) XL:     9   Next: 4%
Magic:  9/9        EV:  1    Int: 12 (15) God:
Gold:   252        SH:  0    Dex:  8 (11) Spells: 0 memorised, 8 levels left

rFire  . . .     SeeInvis .     b - +0 short sword
rCold  . . .     Gourm    .     (armour currently unavailable)
rNeg   + + +     Faith    .     (no shield)
rPois  +         Spirit   .     (helmet currently unavailable)
rElec  .         Reflect  .     (cloak currently unavailable)
rCorr  .         Harm     .     (gloves currently unavailable)
MR     .....     NoTele   +     (no barding)
Stlth  +.........               (no amulet)
                                u - +4 ring of evasion
                                p - +2 ring of protection

@: mighty, brilliant, tree-form, drained
A: (hooves 0), (deformed body), (speed 0), (electricity resistance), (tough skin
0)
a: no special abilities


You were on level 7 of the Dungeon.
You were not hungry.
You were a tree.
You visited 2 branches of the dungeon, and saw 8 of its levels.
You also visited: Sewer.

You collected 252 gold pieces.

Inventory:

Hand Weapons
 a - a +2 shortbow
 b - a +0 short sword (weapon)
Armour
 e - a +0 ring mail (melded)
Jewellery
 p - a +2 ring of protection (left branch)
 u - a +4 ring of evasion (right branch)
 y - an uncursed ring of protection from fire
Wands
 c - a wand of flame (0/48)
 o - a wand of flame (0/48)
 E - a wand of lightning (0/15)
Scrolls
 i - 3 scrolls of remove curse
 l - 2 scrolls of fear
 q - 3 scrolls of random uselessness
 s - a scroll of teleportation
 v - a scroll of identify
 x - 2 scrolls of fog
Potions
 g - a potion of degeneration
 h - 2 potions of curing
 n - 2 potions of flight {unknown}
 w - a potion of invisibility {unknown}
 C - 2 potions of lignification
 G - 2 potions of haste {unknown}
 I - a potion of agility {unknown}
Comestibles
 f - 3 bread rations
 t - 4 meat rations


   Skills:
 + Level 2.2 Fighting
 + Level 15.1(15.0) Bows
 + Level 0.7(0.6) Armour
 + Level 1.6(1.5) Dodging
 - Level 0.4(0.3) Stealth


You had 8 spell levels left.
You didn't know any spells.

Dungeon Overview and Level Annotations

Branches:
Dungeon (7/15)             Temple (1/1) D:6

Altars:
Ashenzari
Cheibriados
Dithmenos
Elyvilon
Fedhas
Gozag
Hepliaklqana
Kikubaaqudgha
Makhleb
Qazlal
Ru
Sif Muna
Trog
Xom
Yredelemnul
The Shining One

Annotations:
D:3 1 runed door


Innate Abilities, Weirdness & Mutations

((You have hooves in place of feet.))
((Armour fits poorly on your strangely shaped body.))
((You cover ground very quickly.))
((You have extremely tough skin. (AC +3)))
((You are resistant to electric shocks. (rElec)))


Message History

* * * LOW HITPOINT WARNING * * *
You puncture the orc warrior!
You kill the orc warrior!
You have reached level 9!
Your experience leads to an increase in your attributes!
Your base attributes are Str 16, Int 10, Dex 11.
Increase (S)trength, (I)ntelligence, or (D)exterity?
You feel stronger.
The orc priest hits you but does no damage.
You puncture the orc priest!
You kill the orc priest!
The orc wizard hits you but does no damage.
You hit the orc wizard.
The orc wizard is moderately wounded.
The orc wizard hits you but does no damage.
You puncture the orc wizard!
The orc wizard is almost dead.
The orc wizard casts a spell at you. The puff of flame hits you!
You die...

#...# #o# #...# #.#
#z..# #(#
#)..########(######
.............(....#
...#########.#.####
.............#..o.#
.........[.†#..#o##
...########.#..#♣#
...# #.#..#)# ...#
#.#..#.## ...#
#.#.....#
...########.#.##.##
#...........#.##.##
#.#########.#.##..#
..## #####.#####.#
...# #.....#####.#


You could see an orc wizard and an orc.

Vanquished Creatures
  A hippogriff (D:6)
  Grinder (D:6)
  Sigmund (D:6)
  2 orc warriors
  2 ogres
  A big kobold (Sewer)
  2 bullfrogs (D:6)
  A jelly (D:6)
  A howler monkey (D:4)
  A crimson imp (D:6)
  3 hounds
  2 bullfrog skeletons
  2 centaur skeletons (D:4)
  A gnoll shaman (D:4)
  3 orc priests
  2 iguanas
  4 worker ants
  3 hound skeletons
  7 gnolls
  3 river rats (Sewer)
  12 adders
  A shadow imp (D:5)
  4 oozes
  An adder zombie (D:6)
  An adder skeleton (D:3)
  4 worms
  3 dart slugs
  6 leopard geckos
  6 orcs
  6 ball pythons
  4 bats
  3 giant cockroaches
  2 goblins
  8 hobgoblins
  A jackal (D:5)
  12 kobolds
  6 quokkas
  7 frilled lizards
  A goblin skeleton (D:3)
  A kobold zombie (D:3)
  2 quokka skeletons (D:5)
  13 rats
147 creatures vanquished.

Notes
Turn   | Place    | Note
-------+----------+-------------------------------------------
     0 | D:1      | dobroeutro the Centaur Hunter began the quest for the Orb.
     0 | D:1      | Reached XP level 1. HP: 17/17 MP: 1/1
   340 | D:1      | Reached XP level 2. HP: 16/24 MP: 2/2
   351 | D:1      | Reached skill level 6 in Bows
   808 | D:1      | HP: 1/24 [ooze (4)]
  1206 | D:1      | Reached XP level 3. HP: 28/29 MP: 3/3
  1482 | D:2      | Found a hazy altar of Hepliaklqana.
  1678 | D:2      | Found an ancient bone altar of Kikubaaqudgha.
  1709 | D:2      | Reached skill level 7 in Bows
  2036 | D:2      | Reached XP level 4. HP: 31/36 MP: 4/4
  2373 | D:2      | Found a burning altar of Makhleb.
  2785 | D:3      | Found a runed door.
  2785 | D:3      | Noticed a human
  2792 | D:3      | Found a basalt altar of Yredelemnul.
  2893 | D:3      | Reached skill level 8 in Bows
  3801 | D:4      | Noticed an ogre
  3821 | D:4      | Killed an ogre
  3821 | D:4      | Reached skill level 9 in Bows
  3821 | D:4      | Reached XP level 5. HP: 29/41 MP: 5/5
  4176 | D:4      | Reached XP level 6. HP: 16/48 MP: 6/6
  4221 | D:4      | Reached skill level 10 in Bows
  4777 | D:5      | Entered Level 5 of the Dungeon
  5275 | D:5      | Found a blossoming altar of Fedhas.
  5335 | D:4      | Reached skill level 11 in Bows
  5335 | D:4      | Reached XP level 7. HP: 17/55 MP: 7/7
  5387 | D:4      | HP: 1/55 [worker ant (7)]
  6519 | D:6      | Noticed a hippogriff
  6526 | D:6      | Found a staircase to the Ecumenical Temple.
  6535 | Temple   | Entered the Ecumenical Temple
  7116 | D:6      | Killed a hippogriff
  7116 | D:6      | Reached skill level 12 in Bows
  7131 | D:6      | Noticed Grinder
  7162 | D:6      | Found a glowing drain.
  7177 | Sewer    | Entered a sewer
  7453 | Sewer    | Reached XP level 8. HP: 49/61 MP: 8/8
  8018 | Sewer    | Reached skill level 13 in Bows
  8033 | Sewer    | HP: 3/61 [river rat (3)]
  8321 | D:6      | Paralysed by Grinder for 4 turns
  8339 | D:6      | Paralysed by Grinder for 3 turns
  8348 | D:6      | Paralysed by Grinder for 2 turns
  8350 | D:6      | Killed Grinder
  8708 | D:6      | Found an opulent altar of Gozag.
  8743 | D:6      | Noticed Sigmund
  8772 | D:6      | Killed Sigmund
  8772 | D:6      | Reached skill level 14 in Bows
  9418 | D:6      | HP: 1/61 [acid (9)]
 10320 | D:7      | Reached skill level 15 in Bows
 10377 | D:7      | Found a shadowy altar of Dithmenos.
 10602 | D:7      | HP: 1/91 [orc warrior/trident (9)]
 10606 | D:7      | Gained mutation: You have very sharp teeth. [potion of mutation]
 10606 | D:7      | Lost mutation: You have very sharp teeth. [potion of mutation]
 10606 | D:7      | Gained mutation: You are resistant to electric shocks. (rElec) [potion of mutation]
 10608 | D:7      | HP: 4/91 [orc warrior/trident (8)]
 10609 | D:7      | Reached XP level 9. HP: 4/67 MP: 9/9
 10612 | D:7      | Killed from afar by an orc wizard

Skill      XL: |  1  2  3  4  5  6  7  8 |
---------------+-------------------------+-----
Bows           | 6 7 9 11 12 15 | 15.1
Fighting       | |  2.2
Armour         | |  0.7
Dodging        | |  1.6
Stealth        | |  0.4

Action                   |  1- 3 |  4- 6 |  7- 9 || total
-------------------------+-------+-------+-------++-------
Melee: Short sword       |    98 |   199 |   455 ||   752
       Kick              |    12 |    48 |   121 ||   181
 Fire: Shortbow          |    33 |    41 |    30 ||   104
Evoke: Wand              |       |       |    26 ||    26
  Use: Scroll            |       |     5 |    14 ||    19
       Potion            |       |       |     8 ||     8
  Eat: Chunk             |     2 |     9 |    13 ||    24
       Beef jerky        |       |       |     1 ||     1
       Pizza             |       |       |     1 ||     1
Armor: Leather armour    |    72 |    27 |       ||    99
       Ring mail         |       |    43 |   164 ||   207
       Skin              |       |       |     8 ||     8
Dodge: Dodged            |    56 |   152 |   330 ||   538
